 Dungeon Crawl Stone Soup version 0.28.0-53-g5a82cb258f (webtiles) character file.

Game seed: 3410412287064880265

149747 MiltankisOP the Alchemist (level 16, -17/201 HPs)
             Began as a Yellow Draconian Ice Elementalist on June 17, 2022.
             Was a High Priest of Vehumet.
             Demolished by a shard shrike simulacrum (42 damage)
             ... on level 4 of the Abyss.
             The game lasted 03:14:42 (34573 turns).

MiltankisOP the Alchemist (DrIE)                   Turns: 34573, Time: 03:14:50

Health: -17/201    AC: 19    Str: 21    XL:     16   Next: 67%
Magic:  33/33      EV: 10    Int: 22    God:    Vehumet [*****.]
Gold:   3661       SH:  0    Dex: 11    Spells: 13/41 levels left

rFire   . . .      SeeInvis +     - Unarmed
rCold   . . .      Faith    .   (shield currently unavailable)
rNeg    . . .      Spirit   .   (armour unavailable)
rPois   +          Reflect  .   (helmet currently unavailable)
rElec   .          Harm     .   (cloak currently unavailable)
rCorr   +          Rampage  .   (gloves currently unavailable)
Will    ++...                   (boots currently unavailable)
Stlth   ++........              e - amulet of regeneration
HPRegen 1.23/turn               I - ring of willpower
MPRegen 0.23/turn               U - ring of see invisible

@: short of breath, dragon-form, flying
A: dragon claw, dragon scales, flying, boosted hp, spit acid, AC +9, giant,
unfitting armour, acidic bite, (cold-blooded), acid resistance, clumsy 1
}: 1/15 runes: decaying
a: Breathe Acid, End Transformation, Renounce Religion


You were on level 4 of the Abyss.
You worshipped Vehumet.
Vehumet was extremely pleased with you.
You were a fearsome golden dragon!
You visited 7 branches of the dungeon, and saw 31 of its levels.
You visited the Abyss 1 time.

You collected 3886 gold pieces.
You spent 225 gold pieces at shops.

Inventory:

Hand Weapons
 c - a +1 dagger of flaming
 p - a +2 spear of flaming (melded)
 x - a +2 halberd of venom
Armour
 g - a +1 cloak (melded)
 n - a +2 pair of gloves (melded)
 Q - a +0 pair of boots (melded)
Jewellery
 b - a ring of positive energy
 e - an amulet of regeneration (around neck)
 l - a +6 ring of dexterity
 m - a ring of ice
 q - a ring of ice
 y - a ring of ice
 F - an amulet of magic regeneration
 I - a ring of willpower (left foreclaw)
 K - a ring of magical power
 T - an amulet of the acrobat
 U - a ring of see invisible (right foreclaw)
 Z - a +6 ring of strength
Wands
 A - a wand of mindburst (24)
 B - a wand of flame (52)
 E - a wand of iceblast (44)
 H - a wand of polymorph (7)
 J - a wand of paralysis (3)
 X - a wand of acid (10)
Scrolls
 a - 3 scrolls of silence
 j - 2 scrolls of teleportation
 o - a scroll of enchant weapon
 r - 2 scrolls of holy word
 u - 2 scrolls of magic mapping
 v - a scroll of vulnerability
 D - 4 scrolls of amnesia
 L - 2 scrolls of enchant armour
 M - 4 scrolls of noise
 O - 2 scrolls of immolation
 P - 2 scrolls of torment
 W - 8 scrolls of identify
 Y - a scroll of fog
Potions
 d - 2 potions of lignification
 f - 4 potions of flight
 h - 6 potions of brilliance
 i - 3 potions of haste
 k - a potion of ambrosia
 s - 2 potions of cancellation {unknown}
 t - 6 potions of attraction
 w - a potion of mutation
 z - 6 potions of curing
 C - a potion of might
 G - 3 potions of degeneration
 N - 2 potions of resistance
 S - a potion of invisibility {unknown}
 V - 2 potions of magic


   Skills:
 + Level 10.2 Fighting
 - Level 9.0 Dodging
 - Level 1.7 Stealth
 - Level 7.0 Unarmed Combat
 - Level 13.0 Spellcasting
 - Level 11.2 Conjurations
 - Level 5.0 Summonings
 - Level 16.0 Transmutations
 - Level 11.0 Ice Magic
 - Level 7.0 Air Magic


You had 13 spell levels left.
You knew the following spells:

 Your Spells              Type           Power      Damage    Failure   Level
a - Freeze                Ice            100%       1d11      1%          1
b - Frozen Ramparts       Ice            100%       1d12      1%          3
c - Ozocubu's Armour      Ice            58%        N/A       1%          3
d - Summon Ice Beast      Ice/Summ       49%        N/A       1%          4
e - Freezing Cloud        Conj/Ice/Air   27%        6-21      1%          5
f - Irradiate             Conj/Tmut      32%        3d24      1%          5
g - Dragon Form           Tmut           35%        N/A       5%          7

Your spell library contained the following spells:

 Spells                   Type           Power      Damage    Failure   Level
 Fireball                 Conj/Fire      19%        3d9       3%          5
 Ensorcelled Hibernation  Hex/Ice        76%        N/A       1%          2
 Passwall                 Tmut/Erth      40%        N/A       1%          2
 Spider Form              Tmut/Pois      49%        N/A       1%          3
 Swiftness                Air            45%        N/A       1%          3
 Hailstorm                Conj/Ice       59%        3d13      1%          4
 Petrify                  Tmut/Erth      49%        N/A       1%          4
 Blade Hands              Tmut           35%        N/A       1%          5
 Iskenderun's Battlesphe  Conj           59%        2d11      1%          5
 Apportation              Tloc           28%        N/A       4%          1
 Alistair's Intoxication  Tmut/Pois      32%        N/A       4%          5
 Sublimation of Blood     Necr           14%        N/A       7%          2
 Ozocubu's Refrigeration  Ice            29%        4d10      11%         7
 Olgreb's Toxic Radiance  Pois           14%        N/A       12%         4
 Gell's Gravitas          Tloc           14%        N/A       13%         3
 Teleport Other           Tloc           14%        N/A       13%         3
 Tukima's Dance           Hex            14%        N/A       13%         3
 Iron Shot                Conj/Erth      19%        9d4       17%         6
 Spellforged Servitor     Conj/Summ      25%        N/A       32%         7
 Anguish                  Hex/Necr       7%         N/A       41%         4
 Animate Dead             Necr           7%         N/A       41%         4
 Summon Mana Viper        Hex/Summ       25%        N/A       41%         5
 Simulacrum               Ice/Necr       19%        N/A       56%         6
 Monstrous Menagerie      Summ           18%        N/A       99%         7
 Dispersal                Tloc           7%         N/A       100%        6
 Enfeeble                 Hex            7%         N/A       100%        7
 Haunt                    Necr/Summ      12%        N/A       100%        7
 Ignition                 Fire           7%         3d4       100%        8
 Infestation              Necr           7%         N/A       100%        8
 Chain Lightning          Conj/Air       26%        3d35      100%        9
 Fire Storm               Conj/Fire      19%        8d5       100%        9
 Polar Vortex             Ice            29%        N/A       100%        9
 Shatter                  Erth           7%         3d9*      100%        9


Dungeon Overview and Level Annotations

Branches:
Dungeon (15/15)            Temple (1/1) D:7            Lair (6/6) D:11
  Swamp (4/4) Lair:3       Spider (1/4) Lair:2        Slime (0/5) Lair:6
    Orc (2/2) D:12            Elf (2/3) Orc:2        Vaults (0/5) D:14
 Depths (0/4) D:15

Altars:
Ashenzari
Cheibriados
Dithmenos
Elyvilon
Fedhas
Gozag
Hepliaklqana
Kikubaaqudgha
Makhleb
Nemelex Xobeh
Okawaru
Qazlal
Ru
Sif Muna
Trog
Uskayaw
Vehumet
Wu Jian
Xom
Yredelemnul
Zin
The Shining One
Jiyva

Shops:
D:1 *   D:14 *   Orc:2 [=(!

Annotations:
D:5 3 runed translucent doors, issech's ghost, amateur MiMo
D:10 2 runed translucent doors, Wentworth's ghost, journeyman GnWr
Elf:1 6 runed translucent doors


Innate Abilities, Weirdness & Mutations

You are a fearsome golden dragon!
You have a powerful clawing attack.
Your giant scaled body is strong and resiliant, but less evasive.
Your breath weapon is enhanced in this form.
You are flying.
Your maximum health is greatly increased.
Your armour is entirely melded.
You are incapable of wielding weapons or throwing items.
You can spit globs of acid.
Your golden yellow scales are hard. (AC +9)
You cannot fit into any form of body armour.
You have acidic saliva.
((You are cold-blooded and may be slowed by cold attacks.))
You are resistant to acid. (rCorr)
You are clumsy. (Dex -2)


Message History

An orange demon is nearby!
A starcursed mass comes into view.
The orange demon screeches!
The orange demon stings you from afar. The orange demon stings you!
The orange demon hits you but does no damage.
You bite the orange demon!!
You tail-slap the orange demon, but do no damage.
You claw the orange demon!
The orange demon is severely wounded.
The orange demon stings you but does no damage.
The orange demon hits you but does no damage.
The shard shrike simulacrum claws you but does no damage.
You hit the orange demon.
The orange demon is severely wounded.
The shard shrike simulacrum claws you.
The shard shrike simulacrum freezes you!!!
The shard shrike simulacrum claws you.
The shard shrike simulacrum freezes you!!!
A spatial maelstrom comes into view.
The orange demon stings you! The orange demon barely misses you.
Press: ? - help, Shift-Dir - straight line, f - starcursed mass
Aim: a starcursed mass (100% to hit)
You spit a glob of acid.
The glob of acid hits the orange demon!!!
The acid corrodes the orange demon!
The acid splashes onto the shard shrike simulacrum!
The shard shrike simulacrum is splashed with acid.
The acid corrodes the shard shrike simulacrum!
The acid splashes onto the starcursed mass!
The starcursed mass is splashed with acid.
The acid corrodes the starcursed mass!
You kill the orange demon!
That felt strangely unrewarding.
The shard shrike simulacrum claws you!
The shard shrike simulacrum freezes you!!!
* * * LOW HITPOINT WARNING * * *
The shard shrike simulacrum claws you.
* * * LOW HITPOINT WARNING * * *
The shard shrike simulacrum freezes you!!!
You die...

.#...#....#..#..#
.#........###..#
#.#.#.. ..## ..##
# # ##...##...
...#....#..##
#...#..#.#.##v
...#.#..#....#
#..# .####..##.#
...#.. #...ZD#
#.# #.#.#.# ..
#...X.# .......#
..#X###.# #..#
... .# ###


You could see a starcursed mass (corroded), a spatial maelstrom and a shard
shrike simulacrum (corroded).

Vanquished Creatures
  Asterion (Elf:1)
  A tentacled starspawn (Abyss:4)
  Donald (Spider:1)
  A deep elf elementalist (Elf:1)
  4 eleionomae
  Azrael (D:15)
  A deep elf demonologist (Elf:1)
  2 bunyips
  A spark wasp (Spider:1)
  An ettin (D:15)
  2 deep elf high priests (Elf:1)
  2 shambling mangroves (Swamp:4)
  A fire dragon (Lair:6)
  A vault guard (D:14)
  Fannar (Orc:1)
  5 boulder beetles
  15 hydras
  A catoblepas (Lair:3)
  Erolcha (Orc:1)
  2 starcursed masses (Abyss:3)
  4 centaur warriors
  5 dancing weapons (Elf:1)
  A radroach (Spider:1)
  19 two-headed ogres
  5 ogre magi
  7 alligators
  A tengu warrior (D:15)
  An orc high priest (Orc:2)
  Urug (Lair:6)
  2 deep elf knights (Elf:1)
  Sonja (Orc:2)
  A fire crab (Abyss:3)
  A spriggan berserker (Swamp:4)
  Nergalle (Orc:1)
  3 goliath frogs
  3 spriggan druids
  A deep troll (D:15)
  A spatial maelstrom (Abyss:4)
  6 bog bodies
  8 swamp dragons
  7 deep elf archers (Elf:1)
  2 necromancers (D:15)
  3 orc knights
  A wizard (D:14)
  8 deep elf pyromancers (Elf:1)
  3 deep elf zephyrmancers (Elf:1)
  2 orc sorcerers
  3 will-o-the-wisps
  An ugly thing (D:14)
  2 manticores
  3 cyclopes
  An ice statue (D:14)
  A black mamba (Lair:3)
  A black mamba (shapeshifter) (D:13)
  Joseph (D:7)
  A torpor snail (Spider:1)
  8 cane toads
  An orange demon (Abyss:4)
  A gargoyle (D:14)
  Maggie (D:6)
  3 rime drakes
  An unseen horror (shapeshifter) (Elf:1)
  Psyche (D:8)
  2 demonic crawlers (Spider:1)
  An unseen horror (D:12)
  5 komodo dragons
  A polar bear (Lair:4)
  3 meliai (D:15)
  A meliai (shapeshifter) (D:15)
  5 tyrant leeches
  10 hornets
  8 trolls
  A tarantella (shapeshifter) (D:14)
  A tarantella (Spider:1)
  6 blink frogs
  Prince Ribbit (D:6)
  3 slime creatures (D:14)
  10 dream sheep
  2 jumping spiders (Spider:1)
  2 air elementals (Elf:1)
  A centaur simulacrum (Abyss:3)
  Sigmund (D:6)
  3 shadows
  A wraith (D:11)
  2 culicivoras (Spider:1)
  A ynoxinul (Abyss:4)
  Eustachio (D:4)
  3 wyverns
  8 spriggans
  2 small abominations (Abyss:3)
  9 vampire mosquitoes
  4 basilisks
  2 fire elementals
  4 humans (D:8)
  26 yaks
  3 steam dragons
  2 neqoxecs
  Edmund (D:5)
  A spatial vortex (Abyss:4)
  15 swamp worms
  3 redbacks (Spider:1)
  4 wargs (Orc:2)
  4 acid dragons
  11 water moccasins
  Duvessa (D:6)
  3 hell hounds (D:15)
  5 sky beasts
  5 swamp drakes (Swamp:4)
  2 ice beasts
  28 ogres
  12 orc warriors
  2 necrophages
  A large abomination (Abyss:3)
  9 wolves (Lair:3)
  8 centaurs
  4 kobold brigands
  A phantom (D:6)
  11 bullfrogs
  A gnoll sergeant (D:6)
  3 scorpions
  2 water moccasin skeletons
  11 wights
  3 howler monkeys
  3 centaur zombies
  2 bullfrog zombies
  A quasit (Abyss:3)
  5 orc priests
  3 hounds
  A jelly (D:7)
  A bullfrog skeleton (D:5)
  A centaur skeleton (D:7)
  A gnoll shaman (D:4)
  3 hell rats (Lair:2)
  7 iguanas
  21 orc wizards
  A hound zombie (D:5)
  2 hound skeletons (D:4)
  2 howler monkey zombies
  13 gnolls
  A howler monkey skeleton (D:6)
  8 adders
  A shadow imp (D:7)
  3 white imps
  An adder skeleton (D:2)
  2 worms
  A dart slug (D:1)
  49 orcs
  3 bats
  6 endoplasms
  A giant cockroach (D:1)
  6 hobgoblins
  4 jackals (D:4)
  3 quokkas
  6 ball pythons
  3 frilled lizards
  12 goblins
  26 kobolds
  4 rats
666 creatures vanquished.

Vanquished Creatures (collateral kills)
  Rupert (Lair:6)
  2 hydras
  A boulder beetle (Lair:6)
  A two-headed ogre (Orc:2)
  A catoblepas (Lair:2)
  An alligator (Swamp:3)
  A swamp dragon (Swamp:4)
  A bog body (Swamp:4)
  2 cyclopes
  A black mamba (Lair:6)
  2 cane toads
  2 rime drakes
  A tyrant leech (Swamp:1)
  2 slime creatures (D:14)
  A hornet (Swamp:1)
  4 blink frogs
  9 yaks
  A culicivora (Lair:2)
  2 basilisks
  8 vampire mosquitoes
  A swamp worm (Swamp:3)
  An acid dragon (Lair:6)
  2 water moccasins
  A swamp drake (Lair:6)
  2 orc warriors
  An ogre (Orc:2)
  2 wolves (Lair:3)
  A bullfrog (Lair:1)
  Dowan (D:6)
  2 wights (D:8)
  A howler monkey (D:10)
  2 hell rats (Lair:2)
  A nameless horror (Orc:1)
  An orc (D:6)
63 creatures vanquished.

Vanquished Creatures (others)
  An alligator (Swamp:4)
  A komodo dragon (Lair:6)
  A bloated husk (Swamp:2)
  7 foxfires
  75 fungi
  102 plants
  2 starspawn tentacles (Abyss:4)
189 creatures vanquished.

Grand Total: 918 creatures vanquished

Notes
Turn   | Place    | Note
-------+----------+-------------------------------------------
     0 | D:1      | MiltankisOP the Draconian Ice Elementalist began the quest
                  | for the Orb.
     0 | D:1      | Reached XP level 1. HP: 14/14 MP: 3/3
    30 | D:1      | Found a faded altar of an unknown god.
   228 | D:1      | Found Jeuthroha's Assorted Antiques.
   238 | D:1      | Reached XP level 2. HP: 17/20 MP: 1/5
  1068 | D:1      | Reached skill level 5 in Ice Magic
  1100 | D:1      | Reached XP level 3. HP: 26/26 MP: 4/6
  1776 | D:2      | Reached XP level 4. HP: 33/33 MP: 7/7
  1980 | D:2      | Learned a level 3 spell: Frozen Ramparts
  1984 | D:2      | Learned a level 3 spell: Ozocubu's Armour
  2423 | D:3      | Noticed a phantom
  2832 | D:3      | Noticed a sky beast
  2848 | D:3      | Killed a sky beast
  2849 | D:3      | Reached XP level 5. HP: 30/38 MP: 0/10
  3718 | D:4      | Reached XP level 6. HP: 36/45 MP: 12/12
  3727 | D:4      | Found a blossoming altar of Fedhas.
  4321 | D:4      | Noticed Eustachio
  4339 | D:4      | Killed Eustachio
  4340 | D:4      | Reached skill level 5 in Spellcasting
  4435 | D:4      | Your scales start taking on a golden yellow colour.
  4435 | D:4      | Reached XP level 7. HP: 50/50 MP: 8/15
  4435 | D:4      | Gained mutation: You are resistant to acid. (rCorr) [Yellow
                  | Draconian growth]
  4592 | D:4      | Reached skill level 1 in Summonings
  5016 | D:5      | Entered Level 5 of the Dungeon
  5062 | D:5      | Found a runed translucent gate.
  5062 | D:5      | Found a runed translucent gate.
  5062 | D:5      | Found a runed translucent gate.
  5062 | D:5      | Noticed issech's ghost (amateur MiMo)
  5121 | D:5      | Noticed Edmund
  5131 | D:5      | Killed Edmund
  5577 | D:5      | Reached XP level 8. HP: 57/57 MP: 10/17
  6118 | D:6      | Noticed Sigmund
  6289 | D:6      | Noticed Duvessa
  6304 | D:6      | Killed Sigmund
  6305 | D:6      | Reached skill level 5 in Summonings
  6305 | D:6      | Killed Duvessa
  6464 | D:6      | Learned a level 4 spell: Summon Ice Beast
  6510 | D:6      | Noticed Prince Ribbit
  6524 | D:6      | Noticed Dowan
  6526 | D:6      | Killed Prince Ribbit
  6538 | D:6      | Killed Dowan
  6539 | D:6      | Reached XP level 9. HP: 61/62 MP: 7/18
  6848 | D:6      | Reached skill level 10 in Ice Magic
  7020 | D:6      | Noticed Maggie
  7026 | D:6      | Killed Maggie
  7267 | D:6      | Reached skill level 1 in Fighting
  7659 | D:7      | Noticed Joseph
  7672 | D:7      | Killed Joseph
  7673 | D:7      | Reached skill level 5 in Fighting
  7870 | D:7      | Found a staircase to the Ecumenical Temple.
  7932 | Temple   | Entered the Ecumenical Temple
  8504 | D:7      | Reached XP level 10. HP: 72/84 MP: 13/19
  9296 | D:8      | Reached skill level 5 in Dodging
  9804 | D:8      | Noticed Psyche
  9815 | D:8      | Killed Psyche
  9816 | D:8      | Reached skill level 1 in Conjurations
  9816 | D:8      | Reached skill level 1 in Air Magic
 10518 | Temple   | Became a worshipper of Vehumet
 11206 | D:10     | Entered Level 10 of the Dungeon
 11212 | D:10     | Identified the +8 war axe of the Lamprey {pain, *Corrode
                  | Dex+4 SInv}
 11244 | D:10     | Reached XP level 11. HP: 87/92 MP: 10/20
 11451 | D:10     | Reached skill level 5 in Conjurations
 11451 | D:10     | Reached skill level 5 in Air Magic
 11694 | D:10     | Found a large runed translucent door.
 11695 | D:10     | Found a large runed translucent door.
 11697 | D:10     | Noticed Wentworth's ghost (journeyman GnWr)
 12259 | D:11     | Noticed a two-headed ogre
 12267 | D:11     | Reached * piety under Vehumet
 12267 | D:11     | Offered knowledge of Shock by Vehumet.
 12268 | D:11     | Killed a two-headed ogre
 12456 | D:11     | You fall into a shaft and drop 3 floors!
 12457 | D:14     | Noticed a boulder beetle
 12634 | D:11     | Noticed a two-headed ogre
 12659 | D:11     | Noticed a two-headed ogre
 12668 | D:11     | Killed a two-headed ogre
 12714 | D:11     | Killed a two-headed ogre
 12890 | D:11     | Found a staircase to the Lair.
 13340 | D:12     | Noticed a four-headed hydra
 13349 | D:12     | Killed a four-headed hydra
 13418 | D:12     | Noticed a two-headed ogre
 13425 | D:12     | Killed a two-headed ogre
 13439 | D:12     | Reached ** piety under Vehumet
 13548 | D:12     | Reached XP level 12. HP: 86/100 MP: 15/21
 13706 | D:12     | Offered knowledge of Magic Dart by Vehumet.
 13808 | D:12     | Found a staircase to the Orcish Mines.
 14203 | D:13     | Reached skill level 10 in Conjurations
 14566 | D:13     | Noticed a centaur warrior
 14573 | D:13     | HP: 4/100 [centaur warrior/arrow (10)]
 14577 | D:13     | Killed a centaur warrior
 14733 | Lair:1   | Entered Level 1 of the Lair of Beasts
 15172 | Lair:1   | Reached skill level 1 in Transmutations
 15188 | Lair:1   | Reached skill level 2 in Transmutations
 15244 | Lair:1   | Reached skill level 3 in Transmutations
 15567 | Lair:2   | Reached skill level 4 in Transmutations
 15701 | Lair:2   | Found a hole to the Spider Nest.
 15811 | Lair:2   | Offered knowledge of Ignite Poison by Vehumet.
 15818 | Lair:2   | Reached skill level 5 in Transmutations
 16005 | Lair:2   | Noticed a catoblepas
 16216 | Lair:2   | Reached skill level 6 in Transmutations
 16221 | Lair:2   | Reached *** piety under Vehumet
 16296 | Lair:2   | Learned a level 5 spell: Freezing Cloud
 16302 | Lair:2   | Learned a level 5 spell: Irradiate
 16590 | Lair:2   | Killed a catoblepas
 16591 | Lair:2   | Reached skill level 7 in Transmutations
 16953 | Lair:3   | Reached skill level 8 in Transmutations
 17121 | Lair:3   | Noticed a catoblepas
 17137 | Lair:3   | Killed a catoblepas
 17233 | Lair:3   | Reached XP level 13. HP: 85/105 MP: 15/22
 17271 | Lair:3   | Reached skill level 9 in Transmutations
 17535 | Lair:3   | Found a staircase to the Swamp.
 18548 | Lair:4   | Offered knowledge of Sticky Flame by Vehumet.
 18669 | Lair:4   | Reached skill level 10 in Transmutations
 19789 | Lair:6   | Entered Level 6 of the Lair of Beasts
 19924 | Lair:6   | Noticed Urug
 19939 | Lair:6   | Killed Urug
 19940 | Lair:6   | Reached skill level 11 in Transmutations
 20604 | Lair:6   | Reached **** piety under Vehumet
 20690 | Lair:6   | Noticed Rupert
 20712 | Lair:6   | Killed Rupert
 21240 | Lair:6   | Offered knowledge of Conjure Flame by Vehumet.
 21356 | Lair:6   | Found a viscous altar of Jiyva.
 21356 | Lair:6   | Found a staircase to the Slime Pits.
 21511 | Lair:6   | Noticed a fire dragon
 21524 | Lair:6   | Killed a fire dragon
 21944 | Orc:1    | Entered Level 1 of the Orcish Mines
 21947 | Orc:1    | Noticed Nergalle
 21955 | Orc:1    | Killed Nergalle
 21965 | Orc:1    | Reached skill level 10 in Spellcasting
 22043 | Orc:1    | Gained mutation: You have acidic saliva. [Yellow Draconian
                  | growth]
 22043 | Orc:1    | Reached XP level 14. HP: 113/113 MP: 3/28
 22124 | Orc:1    | Noticed Erolcha
 22131 | Orc:1    | Killed Erolcha
 22319 | Orc:2    | Entered Level 2 of the Orcish Mines
 22319 | Orc:2    | Noticed Sonja
 22321 | Orc:2    | Killed Sonja
 22355 | Orc:2    | Reached ***** piety under Vehumet
 22355 | Orc:2    | Offered knowledge of Starburst by Vehumet.
 22609 | Orc:2    | Reached skill level 12 in Transmutations
 22925 | Orc:2    | Found a staircase to the Elven Halls.
 23022 | Orc:2    | Found Lodost's Antique Armour Boutique.
 23045 | Orc:2    | Found Jejunwucw's Jewellery Boutique.
 23045 | Orc:2    | Found Icaxoalu's Distillery.
 23045 | Orc:2    | Found Lojof's Book Shoppe.
 23045 | Orc:2    | Found Kyelat's Antique Weapon Boutique.
 23279 | Orc:1    | Noticed Fannar
 23291 | Orc:1    | Killed Fannar
 23436 | Orc:1    | Noticed an orc warlord
 23439 | Orc:1    | You fall into a shaft and drop 1 floor!
 24108 | D:14     | Reached skill level 13 in Transmutations
 24273 | D:14     | Found Valariav's General Store.
 24475 | D:14     | Found a gate to the Vaults.
 24728 | D:14     | Reached XP level 15. HP: 120/124 MP: 28/31
 24898 | D:14     | Found a hide-covered altar of Uskayaw.
 25223 | D:15     | Entered Level 15 of the Dungeon
 25238 | D:15     | Noticed Azrael
 25244 | D:15     | Killed Azrael
 25317 | D:15     | Reached skill level 10 in Fighting
 25575 | D:15     | Offered knowledge of Orb of Destruction by Vehumet.
 25772 | D:15     | Found a staircase to the Depths.
 26123 | Spider:1 | Entered Level 1 of the Spider Nest
 26143 | Spider:1 | Noticed Donald
 26153 | Spider:1 | Killed Donald
 27247 | Orc:2    | Bought a ring of see invisible for 225 gold pieces
 27690 | Swamp:1  | Entered Level 1 of the Swamp
 29286 | Swamp:2  | Reached skill level 14 in Transmutations
 30211 | Swamp:3  | Offered knowledge of Fireball by Vehumet.
 30584 | Swamp:4  | Entered Level 4 of the Swamp
 30654 | Swamp:4  | Reached skill level 15 in Transmutations
 30838 | Swamp:4  | Reached XP level 16. HP: 18/134 MP: 29/32
 30976 | Swamp:3  | Learned a level 7 spell: Dragon Form
 31489 | Swamp:4  | Reached skill level 16 in Transmutations
 32282 | Swamp:4  | Got a decaying rune of Zot
 32639 | Elf:1    | Entered Level 1 of the Elven Halls
 32657 | Elf:1    | Paralysed by an air elemental for 1 turns
 32660 | Elf:1    | Paralysed by an air elemental for 1 turns
 32713 | Elf:1    | Reached skill level 1 in Unarmed Combat
 32842 | Elf:1    | Identified the +7 halberd "Daofeir" {vamp, Str+2}
 32853 | Elf:1    | Paralysed by an air elemental for 1 turns
 33048 | Elf:1    | Noticed Asterion
 33055 | Elf:1    | Killed Asterion
 33595 | Elf:1    | Reached skill level 5 in Unarmed Combat
 33779 | Elf:1    | Found a runed translucent gate.
 33779 | Elf:1    | Found a runed translucent gate.
 33779 | Elf:1    | Found a runed translucent gate.
 33779 | Elf:1    | Found a runed translucent gate.
 33779 | Elf:1    | Found a runed translucent gate.
 33781 | Elf:1    | Noticed a shadow dragon
 33781 | Elf:1    | Noticed a storm dragon
 33782 | Elf:1    | Found a runed translucent gate.
 34296 | Elf:2    | Cast into level 3 of the Abyss (a deep elf sorcerer)
 34420 | Abyss:3  | Gained mutation: You are clumsy. (Dex -2) [a neqoxec]
 34521 | Abyss:4  | Noticed a tentacled starspawn
 34528 | Abyss:4  | Killed a tentacled starspawn
 34573 | Abyss:4  | Demolished by a shard shrike simulacrum

Illustrated notes

Levels and vault maps discovered:
D:1:      wander_arrival_desolate, layout_loops_ring, serial_shops,
          nicolae_square_shop, shapermc_ecumenical_altar_notcrosses,
          chequers_garden, minmay_octomino_c4
D:2:      layout_basic
D:3:      layout_loops_corners, serial_bayou_pond_d
D:4:      layout_basic, kennysheep_mini_moat, hangedman_decor_opposing,
          minmay_misc_feat_five, minmay_liquid_box, uniq_eustachio
D:5:      layout_loops_corners, gammafunk_ghost_split, uniq_edmund
D:6:      layout_cave_pools, uniq_prince_ribbit1, uniq_duvessa, uniq_sigmund,
          uniq_maggie
D:7:      layout_cave_pools, minmay_temple_entry_proselytizer, uniq_joseph
D:8:      layout_loops_cross, minmay_ruffians, uniq_psyche
D:9:      nicolae_cairo_tiling, layout_gridville
D:10:     layout_long_grid, ebering_ghost_disaster_area
D:11:     layout_basic, due_lair_maze_entry_diamond
D:12:     layout_cave_pools, orc_0_dummy
D:13:     layout_stronghold, kennysheep_generic_room_4
D:14:     layout_cave_pools, david_vaults_5, nicolae_uskayaw_en_pointe,
          portal_ice_cave_entry_ice_statue_one, serial_shops, nicolae_shop_trees
D:15:     hangedman_depths_entry_civil_slaughter, layout_basic, uniq_azrael,
          uniq_jorgrun
Temple:   mainiacjoe_temple_hex_bubbles
Lair:1:   layout_hall_layers
Lair:2:   layout_gridlike, spider_nest_entry_rubble, grunt_megastairs_5
Lair:3:   layout_loops_ring, skrybe_swamp_entry_bodies, wad_woods_02,
          lemuel_fruit_fields
Lair:4:   layout_regular_city
Lair:5:   layout_cave_pods, minivault_11, infiniplex_staircase_pool_2
Lair:6:   guppyfry_lair_end_dragon, layout_hall_layers,
          dpeg_slime_entry_enclosed_altar, enter_volcano_2,
          nzn_sisyphean_effort, uniq_urug, uniq_rupert
Swamp:1:  layout_falls_marsh, serial_swamp_ruin, evilmike_swamp_ruin_house_3,
          evilmike_swamp_ruin_house_4, evilmike_swamp_ruin_rubble_2,
          infiniplex_staircase_pool
Swamp:2:  layout_falls_marsh, nicolae_swamp_decorative_isthmus, swamp_pool3,
          nicolae_swamp_tree_designs
Swamp:3:  layout_basic_swamp, evilmike_swamp_ruin_rubble_1
Swamp:4:  swamp_basic_johnstein, layout_basic_swamp
Spider:1: layout_chambers, worms_lemuel, uniq_donald
Orc:1:    layout_diamond_mine, uniq_nergalle, uniq_erolcha, uniq_fannar
Orc:2:    st_orc_ogre_mass, layout_diamond_mine, special_room, serial_shops,
          shop_fountains, uniq_sonja
Elf:1:    layout_onion_city, orc_legates, uniq_asterion
Elf:2:    nicolae_elf_blades_crystal_corner, layout_loops_cross, basic_altar,
          guppyfry_elf_garden
Abyss:4:  base: D:1, hangedman_abyss_feature_spike,
          nicolae_abyss_rune_left_handed

Skill      XL: |  1  2  3  4  5  6  7  8  9 10 11 12 13 14 15 16 |
---------------+-------------------------------------------------+-----
Ice Magic      | 5 6 7 9 11 | 11.0
Spellcasting   | 3 4 5 6 10 12 13 | 13.0
Summonings     | 3 5 |  5.0
Fighting       | 6 7 9 10 | 10.2
Dodging        | 2 6 9 |  9.0
Conjurations   | 4 9 11 | 11.2
Air Magic      | 4 7 |  7.0
Transmutations | 8 11 13 15 16 | 16.0
Unarmed Combat | 7 |  7.0
Stealth        | |  1.7

Action                   |  1- 3 |  4- 6 |  7- 9 | 10-12 | 13-15 | 16-18 || total
-------------------------+-------+-------+-------+-------+-------+-------++-------
Melee: Unarmed           |     9 |       |       |       |       |    49 ||    58
       Dagger            |    24 |   102 |       |       |       |       ||   126
       Tailslap          |     3 |     9 |    29 |    72 |    92 |    13 ||   218
       Spear             |       |    13 |   242 |   413 |   439 |    27 ||  1134
       Punch             |       |     1 |     8 |     9 |     7 |     4 ||    29
       Bite              |       |       |       |       |    52 |    12 ||    64
 Cast: Freeze            |    45 |    10 |    14 |    22 |    32 |       ||   123
       Frozen Ramparts   |       |    13 |    38 |    84 |    96 |     3 ||   234
       Ozocubu's Armour  |       |     8 |    31 |    59 |    79 |     7 ||   184
       Summon Ice Beast  |       |       |     5 |    38 |    52 |     3 ||    98
       Irradiate         |       |       |       |     4 |    37 |    14 ||    55
       Freezing Cloud    |       |       |       |       |   135 |    62 ||   197
       Dragon Form       |       |       |       |       |       |     7 ||     7
 Abil: Breathe Acid      |       |       |     4 |     6 |    11 |     8 ||    29
Evoke: Wand              |       |       |       |     4 |     8 |       ||    12
  Use: Potion            |       |       |     2 |     1 |     6 |     3 ||    12
       Scroll            |       |       |       |     2 |    32 |     2 ||    36
 Stab: Sleeping          |     1 |     2 |       |       |       |       ||     3
       Distracted        |       |       |     1 |     2 |     3 |       ||     6
       Confused          |       |       |       |       |     1 |       ||     1
Armor: Skin              |    11 |    57 |   131 |   190 |   309 |    72 ||   770
Dodge: Dodged            |    35 |    93 |   169 |   325 |   493 |    84 ||  1199
